 Dungeon Crawl Stone Soup version 0.31-a0-265-gcf7e37af1d (webtiles) character file.

Game seed: 5209232364323935763

12 qw the Shooter (level 2, -1/24 HPs)
             Began as a Minotaur Hexslinger on July 13, 2023.
             Slain by a gnoll
             ... wielding a +0 spear
              (8 damage)
             ... on level 2 of the Dungeon.
             The game lasted 00:00:14 (885 turns).

qw the Shooter (Minotaur Hexslinger)                 Turns: 885, Time: 00:00:14

Health: -1/24      AC:  2    Str: 12    XL:     2   Next: 20%
Magic:  2/2        EV: 12    Int: 10    God:
Gold:   18         SH:  0    Dex: 12    Spells: 2/3 levels left

rFire   . . .        Y - +1 sling
rCold   . . .        (no shield)
rNeg    . . .        c - +0 robe
rPois   .            (helmet restricted)
rElec   .            (no cloak)
rCorr   .            (no gloves)
SInv    .            (no boots)
Will    .....        (no amulet)
Stlth   +            (no ring)
HPRegen 0.24/turn    (no ring)
MPRegen 0.08/turn

%: no passive effects
@: no status effects
A: horns 2, retaliatory headbutt
a: no special abilities


You were on level 2 of the Dungeon.
You visited 1 branch of the dungeon, and saw 2 of its levels.

You collected 18 gold pieces.


Innate Abilities, Weirdness & Mutations

You have a pair of horns on your head.
You reflexively headbutt those who attack you in melee.


   Skills:
 + Level 1.7 Fighting
 - Level 3.0 Ranged Weapons
 - Level 2.1 Dodging
 - Level 1.0 Spellcasting
 - Level 2.0 Hexes


You had 2 spell levels left.
You knew the following spells:

 Your Spells              Type           Power      Damage    Failure   Level
a - Slow                  Hex            16%        N/A       16%         1

Your spell library contained the following spells:

 Spells                   Type           Power      Damage    Failure   Level
 Inner Flame              Hex/Fire       2%         N/A       56%         3
 Portal Projectile        Hex/Tloc       4%         N/A       56%         3
 Cause Fear               Hex            2%         N/A       83%         4

Inventory:

Hand Weapons
 Y - a +1 sling (weapon)
Armour
 c - a +0 robe (worn)
Scrolls
 g - a scroll of identify
Potions
 f - a potion of enlightenment {unknown}

Dungeon Overview and Level Annotations

Branches:
Dungeon (2/15)

Altars:


Message History

There is a stone staircase leading up here.
There are monsters nearby!
Waypoint 1 assigned to D:2.
You shoot a sling bullet. The sling bullet hits the gnoll!
The gnoll shouts!
The gnoll is heavily wounded.
A gnoll comes into view. It is wielding a +0 spear.
A gnoll comes into view. It is wielding a +0 halberd.
877 ||| Stepping ~*~*~tactically~*~*~ (outnumbered).
The gnoll shouts!
879 ||| Stepping ~*~*~tactically~*~*~ (outnumbered).
You shoot a sling bullet.
The sling bullet closely misses the ball python.
The gnoll misses you. The ball python barely misses you.
The ball python grabs you. The ball python constricts you.
A kobold comes into view.
It is wielding a +2 dagger of protection.
You shoot a sling bullet. The kobold shouts!
The sling bullet hits the ball python.
You kill the ball python!
You hear an angry hiss.
You hear a shout!
The gnoll closely misses you.
You shoot a sling bullet.
The sling bullet closely misses the gnoll.
The gnoll hits you from afar with a +0 spear!
The gnoll barely misses you.
You shoot a sling bullet.
The sling bullet closely misses the kobold.
The gnoll closely misses you.
The kobold hits you with a +2 dagger of protection.
You shoot a sling bullet.
The sling bullet hits the kobold but does no damage.
An endoplasm comes into view.
The gnoll hits you from afar with a +0 spear!
The kobold barely misses you.
You shoot a sling bullet. The endoplasm quivers.
The sling bullet hits the kobold but does no damage.
The gnoll hits you from afar with a +0 spear!
You die...

.# .# .# .# .#
.#
..#.#####.######
#.....K@........
##......<...###.
#...####g### #.#
g# .. .# . g# g.
.# .#


You could see 2 gnolls and a kobold.

Vanquished Creatures
  A dart slug (D:1)
  A bat (D:1)
  An endoplasm (D:1)
  A giant cockroach (D:1)
  A goblin (D:1)
  2 kobolds (D:1)
  2 ball pythons
  A frilled lizard (D:1)
10 creatures vanquished.

Notes
Turn   | Place    | Note
-------+----------+-------------------------------------------
     0 | D:1      | qw the Minotaur Hexslinger began the quest for the Orb.
     0 | D:1      | Reached XP level 1. HP: 16/16 MP: 1/1
     0 | D:1      | 0 ||| qw: Version: 0.3-a-52-g30416fa
     0 | D:1      | 0 ||| qw: Game counter: 7635
     0 | D:1      | 0 ||| qw: Melee chars always use a shield: true
     0 | D:1      | 0 ||| qw: God list: Okawaru
     0 | D:1      | 0 ||| qw: Allow faded altars: false
     0 | D:1      | 0 ||| qw: Do Orc after clearing Dungeon:15 true
     0 | D:1      | 0 ||| qw: Do second Lair branch before Depths: true
     0 | D:1      | 0 ||| qw: Lair rune preference: random
     0 | D:1      | 0 ||| qw: Goals: Normal
     0 | D:1      | 0 ||| PLANNING D:1-11
   228 | D:1      | Found a faded altar of an unknown god.
   360 | D:1      | 360 ||| FLEEEEING.
   532 | D:1      | Reached skill level 3 in Ranged Weapons
   575 | D:1      | Reached XP level 2. HP: 23/23 MP: 2/2
   756 | D:1      | 756 ||| DROPPING ring of wizardry.
   757 | D:1      | 757 ||| READING scroll labelled LEGUGH GUGECU.
   858 | D:1      | 858 ||| READING scroll labelled TURPHO XIOPIFA.
   863 | D:1      | 863 ||| READING 2 scrolls labelled IJOKHAPTEHI.
   864 | D:1      | 864 ||| DROPPING scroll of poison.
   877 | D:2      | 877 ||| Stepping ~*~*~tactically~*~*~ (outnumbered).
   879 | D:2      | 879 ||| Stepping ~*~*~tactically~*~*~ (outnumbered).
   884 | D:2      | HP: 6/24 [gnoll/+0 spear (7)]
   885 | D:2      | Slain by a gnoll

Levels and vault maps discovered:
D:1:      dpeg_chamrin_arrival_tetris, layout_basic,
          chequers_ecumenical_altar_simple_redux, minmay_cut_off
D:2:      layout_basic, amethyst_killhole

Skill      XL: |  1 |
---------------+----+-----
Ranged Weapons | 3 |  3.0
Fighting       | |  1.7
Dodging        | |  2.1
Spellcasting   | |  1.0
Hexes          | |  2.0

Action                     || total
---------------------------++-------
   Fire: Sling             ||    43
    Use: Scroll            ||     3
 Armour: Robe              ||     5
  Dodge: Dodged            ||    11

Table legend:
 A = Non-vault XP
 B = Vault XP
 C = Vault XP percentage of total XP
 D = Non-vault monster count
 E = Vault monster count
 F = Vault count percentage of total count
                 A         B        C        D         E       F
            +---------+---------+-------+---------+---------+-------
      Total |      16 |       2 |  11.1 |       9 |       1 |  10.0
            +---------+---------+-------+---------+---------+-------
        D:1 |      15 |       2 |  11.8 |       8 |       1 |  11.1
        D:2 |       1 |       0 |   0.0 |       1 |       0 |   0.0
            +---------+---------+-------+---------+---------+-------
